 Dungeon Crawl Stone Soup version 0.20.1-1-g8b1a95d (webtiles) character file.

18 Moto the Firebug (level 2, 0/15 HPs)
             Began as a Deep Elf Fire Elementalist on Nov 2, 2017.
             Slain by a giant cockroach (1 damage)
             ... on level 1 of the Dungeon.
             The game lasted 00:04:13 (1663 turns).

Moto the Firebug (Deep Elf Fire Elementalist)       Turns: 1663, Time: 00:04:13

Health: 0/15       AC:  2    Str:  5    XL:     2   Next: 48%
Magic:  8/8        EV: 13    Int: 19    God:
Gold:   62         SH:  0    Dex: 15    Spells: 6/7 levels left

rFire    . . .     SeeInvis .   d - +0 club
rCold    . . .     Gourm    .   (no shield)
rNeg     . . .     Faith    .   a - +0 robe
rPois    .         Spirit   .   (no helmet)
rElec    .         Reflect  .   (no cloak)
rCorr    .         Harm     .   (no gloves)
MR       .....                  (no boots)
Stlth    ++........             (no amulet)
Regen    0.1/turn               (no ring)
MPRegen  0.2/turn               (no ring)

@: starving
A: no striking features
a: no special abilities


You were on level 1 of the Dungeon.
You were starving.

You visited 1 branch of the dungeon, and saw 1 of its levels.

You collected 62 gold pieces.

Inventory:

Hand Weapons
 d - a +0 club (weapon)
 g - a +0 dagger
Armour
 a - a +0 robe (worn)
Scrolls
 e - a scroll of remove curse
 j - a scroll of random uselessness {unknown}
Potions
 h - a potion of curing {unknown}
 k - a potion of invisibility {unknown}
Books
 b - a book of Flames

   Spells                             Type                      Level
   a - Flame Tongue                   Conjuration/Fire             1
   b - Throw Flame                    Conjuration/Fire             2
   c - Conjure Flame                  Conjuration/Fire             3
   d - Inner Flame                    Hexes/Fire                   3
   e - Sticky Flame                   Conjuration/Fire             4
   f - Fireball                       Conjuration/Fire             5
Comestibles
 c - a bread ration
 f - a meat ration
 i - a royal jelly


   Skills:
 + Level 2.5 Dodging
 + Level 2.7 Stealth
 + Level 3.0 Spellcasting
 + Level 1.2 Conjurations
 + Level 4.0 Fire Magic


You had 6 spell levels left.
You knew the following spells:

 Your Spells              Type           Power        Failure   Level  Hunger
a - Flame Tongue          Conj/Fire      ##...        5%          1    None


Dungeon Overview and Level Annotations

Branches:
Dungeon (1/15)

Altars:


Message History

The giant cockroach misses you.
You barely miss the giant cockroach.
The giant cockroach is heavily wounded.
The giant cockroach closely misses you.
You barely miss the giant cockroach.
The giant cockroach is heavily wounded.
The giant cockroach closely misses you. The giant cockroach bites you.
* * * LOW HITPOINT WARNING * * *
You hit the giant cockroach but do no damage.
The giant cockroach is heavily wounded.
The giant cockroach misses you. The giant cockroach barely misses you.
You barely miss the giant cockroach.
The giant cockroach is heavily wounded.
The giant cockroach misses you.
You hit the giant cockroach but do no damage.
The giant cockroach is heavily wounded.
The giant cockroach bites you.
* * * LOW HITPOINT WARNING * * *
The giant cockroach bites you.
You die...

# #...≈≈≈≈P...#.# #.'.⌠.'...
#....≈≈≈≈..##.## #(#...#..#
#...≈≈≈≈≈.##.s.###.#####..#
#..≈≈≈≈≈#................##
###..≈#≈≈≈#.##...###.#.##..##
#.....#≈≈≈#.###.## #....##.##
#.#...##≈≈#.###.# #.......##
#.######≈≈#..##.#####...#####
#.# #≈≈##@s...............
#####.####
#≈###....#####...#####
......÷..# ###### ##...#
###......# #....# .........#
#..#.# ###......# #..#.#
...#....################..#.#
##.##.#.#.................#.#
#.##.#.#...######.......##.#


You could see a giant cockroach.

Vanquished Creatures
  A leopard gecko (D:1)
  A ball python (D:1)
  2 giant cockroaches (D:1)
  4 hobgoblins (D:1)
  3 bats (D:1)
  2 frilled lizards (D:1)
  2 kobolds (D:1)
  2 rats (D:1)
17 creatures vanquished.

Notes
Turn   | Place    | Note
-------+----------+-------------------------------------------
     0 | D:1      | Moto the Deep Elf Fire Elementalist began the quest for the Orb.
     0 | D:1      | Reached XP level 1. HP: 10/10 MP: 6/6
   174 | D:1      | Reached XP level 2. HP: 14/15 MP: 2/8
   501 | D:1      | Reached skill level 4 in Fire Magic
  1663 | D:1      | Slain by a giant cockroach

Skill      XL: |  1  2 |
---------------+-------+-----
Fire Magic     | 4 |  4.0
Dodging        | |  2.5
Stealth        | |  2.7
Spellcasting   | |  3.0
Conjurations   | |  1.2

Action                   || total
-------------------------++-------
Melee: Club              ||    25
 Cast: Flame Tongue      ||    28
  Use: Scroll            ||     1
       Potion            ||     1
Armor: Robe              ||    10
Dodge: Dodged            ||    28
